 Dungeon Crawl Stone Soup version 0.18.1-47-g9310371 (webtiles) character file.

588 Peloso the Shield-Bearer (level 7, -8/61 HPs)
             Began as a Minotaur Fighter on June 18, 2016.
             Killed by divine providence
             ... invoked by an orc priest
              (10 damage)
             ... on level 4 of the Dungeon.
             The game lasted 00:09:22 (2679 turns).

Peloso the Shield-Bearer (Minotaur Fighter)         Turns: 2679, Time: 00:09:22

Health: -8/61      AC: 10    Str: 21    XL:     7   Next: 15%
Magic:  6/6        EV:  9    Int:  5    God:
Gold:   171        SH: 10    Dex: 11    Spells: 0 memorised, 6 levels left

rFire  . . .     SeeInvis .     a - +0 long sword
rCold  . . .     Gourm    .     b - +0 scale mail
rNeg   . . .     Faith    .     c - +0 shield
rPois  .         Spirit   .     (helmet restricted)
rElec  .         Dismiss  .     q - +1 cloak
rCorr  .         Reflect  .     m - +0 pair of gloves
SustAt .         Harm     .     (no boots)
MR     .....                    (no amulet)
Stlth  ..........               (no ring)
                                (no ring)

@: not resistant to hostile enchantments, extremely unstealthy
A: retaliatory headbutt, horns 2
a: no special abilities


You were on level 4 of the Dungeon.
You were not hungry.

You visited 1 branch of the dungeon, and saw 4 of its levels.

You collected 171 gold pieces.

Inventory:

Hand Weapons
 a - a +0 long sword (weapon)
 B - a +0 trident of piercing
Armour
 b - a +0 scale mail (worn)
 c - a +0 shield (worn)
 m - a +0 pair of gloves (worn)
 q - a +1 cloak (worn)
Jewellery
 s - a cursed -2 ring of evasion {unknown}
Wands
 d - a wand of flame (5/48)
 e - a wand of enslavement (9/24)
 x - a wand of lightning (0/15)
Scrolls
 i - 2 scrolls of identify
 o - 2 scrolls of magic mapping
 t - a scroll of recharging
 u - a scroll of remove curse {unknown}
 y - a scroll of blinking {unknown}
 A - a scroll of fog
Potions
 j - 2 potions of flight
 l - a potion of invisibility
 n - a potion of brilliance
 r - a potion of mutation {unknown}
 w - a potion of magic {unknown}
 z - a potion of lignification {unknown}
Comestibles
 f - 4 bread rations
 g - a slice of pizza
 h - a beef jerky
 p - a meat ration
 v - 6 chunks of flesh


   Skills:
 + Level 5.0 Fighting
 + Level 4.1 Long Blades
 + Level 5.1 Armour
 + Level 4.0 Dodging
 + Level 0.3 Stealth
 + Level 6.0 Shields
 + Level 0.1 Evocations


You had 6 spell levels left.
You didn't know any spells.

Dungeon Overview and Level Annotations

Branches:
Dungeon (4/15)
 Temple: D:4-7

Altars:


Innate Abilities, Weirdness & Mutations

You reflexively headbutt those who attack you in melee.
You have a pair of horns on your head.


Message History

You hit the orc priest but do no damage.
You headbutt the orc priest, but do no damage.
The orc priest is heavily wounded.
You hear some strange, mumbled words.
A magic dart appears from out of thin air!
The magic dart hits you!
* * * LOW HITPOINT WARNING * * *
The orc priest closely misses you.
You closely miss the orc priest. You headbutt the orc priest!
You kill the orc priest!
Your Long Blades skill increases to level 4!
You hear some strange, mumbled words.
A puff of flame appears from out of thin air!
The puff of flame hits you! Something hits you but does no damage.
Unknown command.
Drink which item? (? for menu, Esc to quit)
Okay, then.
The orc priest calls down the wrath of Beogh upon you.
Beogh smites you!
You die... #. #. ## ###### ##### ... .....) #.... .(o #.... ##... ..o. #... #... . l.l

##.####### #...
..##.####...@){o.# #...
...........####o.# #...
............oo...# #...
..........#####..# ####
..........###....# #...
?................#########...
..................(.........#
..........####....(.........#
..........#.................#


You could see an orc priest and an orc.

Vanquished Creatures
  The ghost of Wabnappa the Slasher, an amateur DsGl of Okawaru (D:4)
  An ogre (D:4)
  Crazy Yiuf (D:2)
  3 orc priests (D:4)
  Robin (D:2)
  7 adders
  4 worms
  A dart slug (D:2)
  5 giant geckos
  7 orcs
  2 ball pythons
  3 giant cockroaches (D:3)
  6 hobgoblins
  3 quokkas
  6 bats
  4 giant newts
  17 goblins
  8 kobolds
  7 rats
87 creatures vanquished.

Notes
Turn   | Place    | Note
--------------------------------------------------------------
     0 | D:1      | Peloso the Minotaur Fighter began the quest for the Orb.
     0 | D:1      | Reached XP level 1. HP: 19/19 MP: 0/0
     2 | D:1      | Noticed a demigod
     4 | D:1      | Noticed a spriggan
     4 | D:1      | Noticed a felid
     6 | D:1      | Noticed a vampire
     6 | D:1      | Noticed a centaur
     8 | D:1      | Noticed a troll
    10 | D:1      | Noticed an ogre
    10 | D:1      | Noticed a merfolk
    12 | D:1      | Noticed an octopode
    12 | D:1      | Noticed an elf
    14 | D:1      | Noticed a human
    14 | D:1      | Noticed a naga
    16 | D:1      | Noticed a halfling
    16 | D:1      | Noticed a gargoyle
    18 | D:1      | Noticed a ghoul
    18 | D:1      | Noticed a vine stalker
    20 | D:1      | Noticed a formicid
    22 | D:1      | Noticed a draconian
    24 | D:1      | Noticed a tengu
    24 | D:1      | Noticed a demonspawn
    26 | D:1      | Noticed a dwarf
    26 | D:1      | Noticed a minotaur
   309 | D:1      | Reached XP level 2. HP: 25/27 MP: 1/1
   735 | D:2      | Reached skill level 4 in Shields
   735 | D:2      | Reached XP level 3. HP: 33/33 MP: 2/2
   837 | D:2      | Noticed Robin
   859 | D:2      | Reached skill level 1 in Dodging
   860 | D:2      | Reached XP level 4. HP: 16/41 MP: 3/3
   872 | D:2      | Killed Robin
  1338 | D:2      | Noticed Crazy Yiuf
  1346 | D:2      | Killed Crazy Yiuf
  1551 | D:2      | Reached XP level 5. HP: 47/47 MP: 4/4
  2462 | D:4      | Noticed Wabnappa's ghost (amateur DsGl)
  2478 | D:4      | Killed Wabnappa's ghost
  2478 | D:4      | Reached skill level 5 in Shields
  2478 | D:4      | Reached XP level 6. HP: 35/55 MP: 5/5
  2535 | D:4      | Reached skill level 5 in Fighting
  2535 | D:4      | Reached skill level 5 in Armour
  2644 | D:4      | Reached XP level 7. HP: 50/61 MP: 6/6
  2649 | D:4      | Reached skill level 6 in Shields
  2664 | D:4      | HP: 3/61 [orc priest/dagger of protection (4)]
  2672 | D:4      | HP: 2/61 [orc wizard/magic dart (5)]
  2677 | D:4      | HP: 2/61 [something/magic dart (6)]
  2679 | D:4      | Killed from afar by an orc priest

Skill      XL: |  1  2  3  4  5  6  7 |
---------------+----------------------+-----
Fighting       | 4 5 |  5.0
Shields        | 4 5 6 |  6.0
Armour         | 4 5 |  5.1
Dodging        | 1 2 3 4 |  4.0
Long Blades    | 3 4 |  4.1
Stealth        | |  0.3
Evocations     | |  0.1

Action                   |  1- 3 |  4- 6 |  7- 9 || total
-------------------------+-------+-------+-------++-------
Melee: Long sword        |    93 |   136 |    27 ||   256
       Headbutt          |     9 |    22 |     9 ||    40
Evoke: Wand              |       |     2 |     1 ||     3
  Use: Scroll            |       |    12 |       ||    12
       Potion            |       |     1 |     5 ||     6
  Eat: Chunk             |       |     7 |       ||     7
Armor: Scale mail        |    52 |    61 |    23 ||   136
Dodge: Dodged            |    38 |    54 |    11 ||   103
Block: Shield            |    64 |    62 |    21 ||   147
